Get step-by-step instructions on how to execute this build order below. Start the game timer, and the build order will tick by so you can play in parallel with StarCraft on a second screen or mobile device.

Game Time

  0:00

Last Step

  N/A

Next Step

Upcoming Step



Don't want to look back and forth between 2 screens? Try out our Overwolf App, the Spawning Tool Build Advisor to get an in-game overlay with this build!

Complete Build Order

  12  0:00  SCV  
  13  0:12  SCV  
  14  0:17  Supply Depot  
  14  0:24  SCV  
  15  0:39  SCV  
  15  0:40  Barracks  
  16  0:44  Refinery  
  16  0:51  SCV  
  16  0:54  Refinery  
  17  1:03  SCV  
  18  1:15  SCV  
  19  1:27  Orbital Command, Reaper  
  19  1:29  Supply Depot  
  20  1:43  Factory  
  20  1:53  SCV  
  21  2:00  Reaper  
  22  2:05  SCV  
  23  2:17  SCV  
  24  2:29  SCV  
  25  2:30  Command Center  
  25  2:33  Starport  
  25  2:41  SCV  
  25  2:42  Hellion  
  27  2:46  Barracks Reactor  
  27  2:51  Supply Depot  
  27  2:53  SCV  
  27  3:05  SCV  
  27  3:08  Cyclone  
  30  3:17  Liberator  
  30  3:18  SCV  
  34  3:23  Marine x2  
  36  3:27  Barracks  
  36  3:30  SCV  
  37  3:41  Marine x2  
  37  3:42  Orbital Command  
  37  3:44  SCV  
  40  3:55  Bunker  
  40  3:57  Factory Tech Lab  
  40  3:59  SCV  
  40  4:00  Marine x2  
  43  4:08  SCV  
  44  4:15  Starport Tech Lab  
  44  4:16  Barracks Tech Lab, Siege Tank  
  47  4:18  SCV  
  47  4:22  SCV  
  49  4:24  Marine  
  49  4:25  Marine  
  49  4:28  Supply Depot  
  49  4:30  SCV  
  52  4:37  SCV  
  53  4:42  SCV  
  54  4:47  Liberator, Stimpack  
  54  4:50  SCV, Marine x3  
  54  4:51  Supply Depot  
  58  4:56  SCV  
  58  4:57  Refinery  
  58  4:59  Factory Reactor  
  59  5:02  SCV  
  60  5:08  SCV  
  60  5:10  Marine  
  60  5:11  Supply Depot  
  60  5:12  Marine  
  63  5:14  SCV, Engineering Bay  
  63  5:21  SCV, Marine  
  65  5:26  SCV  
  65  5:28  Marine  
  67  5:30  Marine  
  67  5:33  SCV  
  70  5:38  SCV  
  70  5:40  Terran Infantry Weapons Level 1  
  70  5:41  Marine  
  72  5:43  Medivac x2  
  72  5:45  Supply Depot  
  72  5:46  Marine  
  72  5:48  Marine  
  72  5:49  Supply Depot  
  78  6:01  Barracks x2  
  78  6:04  Barracks  
  78  6:07  SCV x2, Marine, Siege Tank  
  78  6:08  Supply Depot  
  78  6:09  Refinery  
  84  6:11  Marine  
  85  6:19  SCV x2  
  87  6:26  Command Center  
  87  6:32  SCV  
  88  6:36  Combat Shield  
  88  6:39  SCV, Siege Tank  
  89  6:45  Marine x3  
  92  6:49  SCV  
  92  6:52  Barracks Reactor  
  92  6:53  Barracks Reactor x2  
  93  6:54  Medivac x2  
  97  7:02  SCV x2  
  97  7:07  Armory  
  99  7:08  Supply Depot  
  99  7:14  SCV x2  
  99  7:16  Engineering Bay  
  99  7:17  Marine x3  
  102  7:30  SCV x2, Siege Tank  
  102  7:33  Supply Depot  
  102  7:34  Liberator  
  102  7:35  Supply Depot  
  110  7:37  Marine  
  110  7:38  Liberator  
  110  7:42  Marine  
  110  7:43  SCV  
  116  7:47  Supply Depot  
  116  7:49  Orbital Command  
  116  7:55  SCV, Terran Infantry Weapons Level 2  
  117  8:06  Marine  
  117  8:07  SCV x2  
  119  8:17  Medivac  
  119  8:18  SCV  
  119  8:19  SCV  
  122  8:21  Medivac  
  122  8:24  Marine  
  122  8:25  SCV  
  125  8:28  Siege Tank  
  125  8:30  SCV  
  125  8:31  SCV  
  125  8:32  Marine x8  
  137  8:50  Marine  
  138  8:58  Marine x8  
  138  9:00  Siege Tank, Refinery  
  138  9:01  Refinery  
  148  9:04  Supply Depot, Barracks x2  
  148  9:05  Supply Depot x2, Barracks  
  148  9:06  Terran Vehicle Weapons Level 1, Terran Infantry Armor Level 1  
  148  9:08  Marine  
  149  9:18  Marine x2  
  149  9:26  Marine x7, Medivac x2  
  160  9:31  Factory  
  160  9:32  Siege Tank  
  160  9:36  Marine x2  
  165  9:44  Marine x3  
  168  9:52  Marine  
  164  9:58  Marine x5  
  158  10:00  Marine x3  
  158  10:01  Marine x3  
  164  10:08  Medivac x2  
  164  10:10  Marine  
  164  10:13  Command Center  
  169  10:14  Siege Tank  
  169  10:16  Marine, Factory Tech Lab  
  173  10:31  Terran Infantry Weapons Level 3  
  173  10:37  Supply Depot  
  173  10:40  Supply Depot  
  173  10:43  Marine  
  173  10:44  Marine  
  173  10:45  Marine  
  173  10:59  Siege Tank, Marine x6  
  173  11:00  Marine x3, Medivac  
  173  11:01  Marine, Medivac  
  173  11:02  Marine x2  
  183  11:06  Siege Tank  
  184  11:16  Marine x5  
  184  11:17  Marine x2  
  189  11:24  Marine x5  
  194  11:31  Siege Tank  
  195  11:34  Marine x5  
  200  11:42  Planetary Fortress  
  200  11:46  Marine  
  200  11:47  Marine x6  
  193  12:00  Medivac x2  
  190  12:02  Marine  
  190  12:03  Marine x3  
  190  12:05  Marine  
  190  12:06  Siege Tank  
  195  12:13  Marine  
  195  12:14  Marine  
  186  12:16  Marine x5  
  186  12:20  Marine  
  186  12:21  Marine x3  
  187  12:23  Marine  
  187  12:30  Marine  
  187  12:32  Marine  
  187  12:34  Siege Tank, Marine x5  
  190  12:38  Marine  
  190  12:39  Marine x3  
  190  12:41  Marine, Medivac x2  
  199  12:47  Refinery  
  199  12:48  Marine  
  200  12:52  Marine  
  200  12:56  Marine  
  200  12:57  Marine x4  
  186  13:09  Command Center